 Dungeon Crawl Stone Soup version 0.27-a0-1456-gf5a116941d (webtiles) character file.

Game seed: 11815719668783490495

63 Kinoniko the Slasher (level 3, -4/29 HPs)
             Began as a Demonspawn Berserker on July 6, 2021.
             Was a Believer of Trog.
             Slain by Sigmund (12 damage)
             ... on level 2 of the Dungeon.
             The game lasted 00:01:28 (2091 turns).

Kinoniko the Slasher (Demonspawn Berserker)         Turns: 2091, Time: 00:01:29

Health: -4/29      AC:  5    Str: 17    XL:     3   Next: 89%
Magic:  3/3        EV: 11    Int:  8    God:    Trog [**....]
Gold:   61         SH:  0    Dex: 13    Spells: 2/2 levels left

rFire    . . .     SeeInvis .   a - +0 falchion
rCold    . . .     Faith    +   (no shield)
rNeg     . . .     Spirit   .   c - +0 ring mail
rPois    .         Reflect  .   (no helmet)
rElec    .         Harm     .   (no cloak)
rCorr    .         Rampage  .   (no gloves)
Will     .....                  (no boots)
Stlth    ..........             g - amulet of faith
HPRegen  0.09/turn              (no ring)
MPRegen  0.08/turn              (no ring)

@: confused, on berserk cooldown, slowed, very slow
A: claws 2
a: Renounce Religion, Berserk, Trog's Hand


You were on level 2 of the Dungeon.
You worshipped Trog.
Trog was pleased with you.
You visited 1 branch of the dungeon, and saw 2 of its levels.

You collected 61 gold pieces.

Inventory:

Hand Weapons
 a - a +0 falchion (weapon)
Armour
 c - a +0 ring mail (worn)
Jewellery
 f - an amulet of guardian spirit
 g - an amulet of faith (around neck)
Scrolls
 b - a scroll of teleportation {unknown}
 d - a scroll of enchant armour {unknown}
 e - a scroll of amnesia {unknown}
 j - a scroll of noise {unknown}
Potions
 h - a potion of haste {unknown}
 i - a potion of berserk rage {unknown}


   Skills:
 - Level 3.0 Fighting
 * Level 4.4 Long Blades
 - Level 1.7 Armour
 - Level 1.7 Dodging


You had 2 spell levels left.
You didn't know any spells.
Your spell library was empty.

Dungeon Overview and Level Annotations

Branches:
Dungeon (2/15)

Altars:

Annotations:
D:2 Sigmund


Innate Abilities, Weirdness & Mutations

You have very sharp fingernails.


Message History

Sigmund hits you with a +0 scythe!
You slash Sigmund!
Sigmund is moderately wounded.
Sigmund casts a spell at you. The puff of flame hits you.
You hit Sigmund.
Sigmund is moderately wounded.
Sigmund casts a spell at you.
You are confused.
You bump into the rock wall.
You completely miss Sigmund.
Sigmund is moderately wounded.
Sigmund hits you with a +0 scythe.
You bump into the rock wall.
Sigmund flickers, as though insubstantial.
Sigmund barely misses you.
You closely miss Sigmund.
Sigmund is moderately wounded.
Sigmund barely misses you.
You closely miss Sigmund.
Sigmund is moderately wounded.
You bump into the rock wall.
Sigmund hits you with a +0 scythe!
* * * LOW HITPOINT WARNING * * *
You bump into the rock wall.
You feel a strong urge to attack something.
You slash Sigmund!
Sigmund is almost dead.
Sigmund misses you.
You feel less confused. Sigmund gestures at you while chanting.
You are confused.
You bump into the rock wall.
You feel a strong urge to attack something.
You are no longer berserk.
You are exhausted.
You feel yourself slow down.
You're too confused to move!
Sigmund barely misses you. x2
You bump into the rock wall.
Sigmund hits you from afar with a +0 scythe!
You die...

#########.#
#####....@.@..#
#..<....#######
#.##....#
#.##....#
#.##....#
#.###'### #.# #.#
#.###.#
########...#.####


You could see Sigmund.

Vanquished Creatures
  2 adders (D:2)
  An adder skeleton (D:2)
  4 endoplasms
  2 giant cockroaches
  4 goblins
  2 hobgoblins
  8 jackals
  A quokka (D:1)
  4 ball pythons
  A bat (D:1)
  4 frilled lizards
  3 kobolds
  A rat (D:1)
37 creatures vanquished.

Notes
Turn   | Place    | Note
-------+----------+-------------------------------------------
     0 | D:1      | Kinoniko the Demonspawn Berserker began the quest for the
                  | Orb.
     0 | D:1      | Reached XP level 1. HP: 18/18 MP: 1/1
   179 | D:1      | Reached skill level 3 in Long Blades
   214 | D:1      | Gained mutation: You have sharp fingernails. [demonic
                  | ancestry]
   214 | D:1      | Reached XP level 2. HP: 21/24 MP: 2/2
  1169 | D:2      | Gained mutation: You have very sharp fingernails. [demonic
                  | ancestry]
  1169 | D:2      | Reached XP level 3. HP: 19/29 MP: 3/3
  1369 | D:2      | Reached ** piety under Trog
  1431 | D:2      | Reached skill level 4 in Long Blades
  2073 | D:2      | Noticed Sigmund
  2091 | D:2      | Slain by Sigmund

Illustrated notes

Levels and vault maps discovered:
D:1:      minmay_arrival_diagonal_passages, layout_rooms
D:2:      layout_basic, uniq_sigmund, uniq_natasha

Skill      XL: |  1  2  3 |
---------------+----------+-----
Long Blades    | 3 4 |  4.4
Fighting       | |  3.0
Armour         | |  1.7
Dodging        | |  1.7

Action                   || total
-------------------------++-------
Melee: Falchion          ||   117
Invok: Berserk           ||     3
Armor: Animal skin       ||     1
       Ring mail         ||    45
Dodge: Dodged            ||    88
       Rpst.: Falchion   ||    31

Table legend: (Time is in decaauts)
 A = Elapsed time spent in this place.
 B = Non-inter-level travel time spent in this place.
 C = Inter-level travel time spent in this place.
 D = Time resting spent in this place.
 E = Time spent auto-exploring this place.
 F = Levels seen in this place.
 G = Mean time per level.
                   A        B        C        D        E       F      G
               +--------+--------+--------+--------+--------+-----+--------+
         Total |   2126 |   2106 |     20 |    623 |   1225 |   2 | 1063.0 |
       Dungeon |   2126 |   2106 |     20 |    623 |   1225 |   2 | 1063.0 |
               +--------+--------+--------+--------+--------+-----+--------+

Top non-repeatable levels by time:
     D:2: 1149 daAuts
     D:1: 977 daAuts
